AoeStats
← Bandolero

Black Forest

508729195Analyzed
4v4 RM · 8d ago on Sep 23, 2026· 24m 14s· 8 players
Game mode
Random Map
Map size
Large (8 player)
Population
200
Speed
Normal
Resources
Standard
Victory
Conquest
Starting age
Dark Age
Ending age
Imperial Age
RankedLock teamsTeams togetherTeam positionsShared explorationLock speedFull tech treeHidden civsTurbo modeCheats
Victory
Defeat
🇺🇸 Italians · United States
1801
+8
🇵🇪 Magyars · Peru
1752
+10
🇲🇽 Gurjaras · Mexico
1730
+11
🇳🇱 Franks · Netherlands
1536
+17
🇩🇪 Khmer · Germany
1693
-15
🇭🇰 Danes · Hong Kong SAR China
1628
-12
🇦🇷 Italians · Argentina
1579
-11
🇹🇼 Cumans · Taiwan
1516
-8
Sun
10:56 Feudal Age
14:35 Castle Age
13:08 Double-Bit Axe
14:00 Fishing Lines
15:44 Bow Saw
16:23 Horse Collar
20:44 Loom
21:35 Wheelbarrow
21:23 Loom
Bandolero
0:27 Loom
12:06 Feudal Age
13:55 Double-Bit Axe
19:10 Castle Age
17:30 Fishing Lines
20:12 Bow Saw
20:05 Gillnets
Roooooooo
7:05 Loom
9:09 Feudal Age
9:46 Double-Bit Axe
11:20 Horse Collar
16:00 Fishing Lines
16:53 Fletching
20:25 Castle Age
19:24 Wheelbarrow
19:07 Scale Barding Armor
20:05 Gold Mining
20:27 Forging
20:41 Bloodlines
21:45 Chain Barding Armor
22:01 Bow Saw
[Liiit] Zbyszek
0:54 Loom
13:27 Feudal Age
16:30 Castle Age
14:51 Double-Bit Axe
15:42 Fishing Lines
16:49 Stone Mining
18:54 Stone Shaft Mining
18:10 Gold Mining
18:34 Bow Saw
18:17 Gillnets
19:59 Fortified Wall
21:09 Fletching
22:16 Medium Warships
22:32 Bodkin Arrow
quesarito
0:26 Loom
10:09 Feudal Age
10:46 Double-Bit Axe
16:05 Horse Collar
16:40 Fletching
16:56 Padded Archer Armor
23:05 Castle Age
23:57 Thumb Ring
23:48 Bodkin Arrow
23:38 Crossbowman
§Y¶# Ä
1:22 Loom
10:13 Feudal Age
12:37 Double-Bit Axe
16:53 Castle Age
14:52 Horse Collar
19:09 Redemption
23:25 Husbandry
Eugenius
12:20 Feudal Age
16:20 Castle Age
14:15 Horse Collar
14:22 Double-Bit Axe
15:37 Bloodlines
16:36 Light Cavalry
18:16 Husbandry
20:12 Scale Barding Armor
22:47 Chain Barding Armor
24:44 Wheelbarrow
Window_of_Opportunity
0:40 Loom
12:00 Feudal Age
13:21 Double-Bit Axe
15:36 Castle Age
17:01 Bow Saw
23:56 Forging
24:08 Scale Mail Armor
Connection lost

Rejoining the realm…

Still unreachable

The connection could not be restored.

Session expired

The server has moved on; the page needs a fresh start.